Winnipeg Jets vs Pittsburgh Penguins
Created - Monday, May 8, 2023 at 07:02
Goals
|
| Winnipeg Jets |
2 |
0 |
0 |
0 |
0 |
2 |
| Pittsburgh Penguins |
0 |
1 |
1 |
0 |
1 |
3 |
|
Shots
|
| Winnipeg Jets |
13 |
7 |
13 |
0 |
3 |
33 |
| Pittsburgh Penguins |
3 |
17 |
10 |
0 |
2 |
30 |
|
1st period
1. Winnipeg Jets , Mark Stone 11 (Connor McDavid 32, Ryan Nugent-Hopkins 23) at 6:57
2. Winnipeg Jets , Andrew Copp 7 (Nick Suzuki 19) at 19:27
Penalties :
Kevin Shattenkirk (WPG) for Tripping (Minor) at 2:02, Kyle Palmieri (WPG) for Tripping (Minor) at 4:45, Ryan Suter (PIT) for Roughing (Minor) at 7:00, Jeff Carter (PIT) for Hooking (Minor) at 10:38
2nd period
3. Pittsburgh Penguins , Anders Lee 15 (Ryan Johansen 22, Jeff Carter 17) at 9:18 (PP)
Penalties :
Kevin Shattenkirk (WPG) for Holding (Minor) at 6:04, Jacob Trouba (WPG) for Holding (Minor) at 8:42, Brandon Montour (WPG) for Roughing (Minor) at 17:42
3rd period
4. Pittsburgh Penguins , Leon Draisaitl 28 (Mitch Marner 35) at 9:34 (PP)
Penalties :
Jacob Trouba (WPG) for High sticking (Minor) at 1:42, Dylan Larkin (WPG) for Slashing (Minor) at 8:53
Overtime #1
No Goal
Penalties :
No Penalty
Shootout
Winnipeg Jets, Connor McDavid - Shot Misses the Net
Pittsburgh Penguins, Leon Draisaitl - Shot Misses the Net
Winnipeg Jets, Ryan Nugent-Hopkins - Shot Misses the Net
Pittsburgh Penguins, Mitch Marner - Goal!
Winnipeg Jets, Dylan Larkin - Stopped by Jonathan Quick
Penalties :
No Penalty
Goalie Stats
Jake Allen (WPG), 28 saves from 30 shots - (0.933), OTL, 1-6-3, 65:00 minutes
Jonathan Quick (PIT), 31 saves from 33 shots - (0.939), W, 17-18-2, 65:00 minutes
Players Stats for Winnipeg Jets
Player Name G A P +/- PIM S H SB GA TA FO MP PP MP PK MP
------------------------------------------------------------------------------------
Aaron Ekblad 0 0 0 0 0 3 2 1 0 0 0/0 29:24 2:48 6:32
Andrew Cogliano 0 0 0 0 0 0 2 0 0 0 0/1 15:21 0:00 6:02
Andrew Copp 1 0 1 1 0 1 1 0 0 1 0/0 12:03 0:00 3:35
Brandon Montour 0 0 0 0 2 3 0 0 1 1 0/0 22:34 2:48 3:20
Connor McDavid 0 1 1 1 0 4 1 0 0 0 20/28 17:33 1:46 0:00
Dylan Larkin 0 0 0 0 2 4 1 0 0 1 6/10 13:43 2:12 0:00
Jacob Trouba 0 0 0 0 4 2 1 0 0 1 0/0 19:55 0:00 3:44
John Klingberg 0 0 0 2 0 0 0 0 0 0 0/0 16:47 1:10 1:55
Jonathan Marchessault 0 0 0 1 0 0 3 0 0 0 0/0 11:11 0:06 0:03
Kevin Shattenkirk 0 0 0 1 4 0 1 3 0 0 0/0 16:35 0:00 3:50
Kyle Palmieri 0 0 0 0 2 0 1 0 0 0 0/0 10:05 0:00 0:00
Mark Stone 1 0 1 1 0 3 1 0 0 0 1/1 21:29 1:40 1:49
Mathew Barzal 0 0 0 0 0 0 0 1 1 0 0/0 17:01 2:12 1:10
Nick Suzuki 0 1 1 1 0 2 2 1 0 0 2/5 13:54 0:00 3:35
Pius Suter 0 0 0 0 0 2 0 0 1 0 5/14 15:12 0:00 6:10
Ryan Nugent-Hopkins 0 1 1 1 0 6 0 0 1 0 0/0 17:20 1:46 0:00
Seth Jones 0 0 0 1 0 3 2 0 0 0 0/0 24:53 1:10 3:03
Tyler Toffoli 0 0 0 0 0 0 3 0 0 0 0/0 13:41 2:12 0:00
Players Stats for Pittsburgh Penguins
Player Name G A P +/- PIM S H SB GA TA FO MP PP MP PK MP
------------------------------------------------------------------------------------
Anders Lee 1 0 1 0 0 4 1 0 1 0 1/4 18:55 5:32 0:02
Anton Stralman 0 0 0 -1 0 0 1 0 0 0 0/0 13:58 3:18 2:02
Blake Coleman 0 0 0 0 0 1 0 0 0 0 0/0 7:01 0:00 0:00
Chris Tanev 0 0 0 -1 0 0 2 1 0 0 0/0 17:23 2:11 0:00
Colton Sissons 0 0 0 -2 0 0 1 0 0 0 0/0 9:53 0:00 0:00
Erik Gudbranson 0 0 0 0 0 2 0 1 0 0 0/0 11:33 0:50 0:00
Erik Karlsson 0 0 0 0 0 1 0 1 0 1 0/0 26:10 4:53 1:56
Jean-Gabriel Pageau 0 0 0 -2 0 3 1 0 2 0 1/7 12:38 0:10 0:00
Jeff Carter 0 1 1 0 2 1 1 3 0 0 1/2 18:54 5:32 0:00
Jordan Eberle 0 0 0 0 0 3 0 0 0 0 1/1 8:58 0:00 0:02
Leon Draisaitl 1 0 1 0 0 6 1 1 0 1 10/26 23:04 5:40 2:04
Mattias Ekholm 0 0 0 0 0 2 2 1 0 1 0/0 26:15 4:53 1:56
Mitch Marner 0 1 1 0 0 2 1 0 0 0 0/2 23:18 5:36 2:04
Pavel Buchnevich 0 0 0 0 0 0 1 2 0 0 1/3 22:31 5:30 1:52
Reilly Smith 0 0 0 -2 0 3 0 0 1 0 1/1 12:18 0:04 0:00
Ryan Johansen 0 1 1 0 0 2 2 0 0 1 9/13 22:33 5:32 1:52
Ryan Suter 0 0 0 -1 2 0 1 0 0 0 0/0 25:19 6:19 0:59
T.J. Brodie 0 0 0 -1 0 0 0 0 0 0 0/0 15:19 0:00 1:03
3 Stars
1 - Jonathan Quick (PIT)
2 - Leon Draisaitl (PIT)
3 - Mark Stone (WPG)
Power Play
Winnipeg Jets - 0 on 2 Attempt(s) - 0.00%
Pittsburgh Penguins - 2 on 7 Attempt(s) - 28.57%
Penalty Kill
Winnipeg Jets - 5 on 7 Attempt(s) - 71.43%
- Score 0 goal in Penalty Kill
Pittsburgh Penguins - 2 on 2 Attempt(s) - 100.00%
- Score 0 goal in Penalty Kill
Team Stat
Winnipeg Jets - Hits : 21 - Faceoff Wins : 34 - Blocked Shots : 6 - Penalty Minutes : 14
Pittsburgh Penguins - Hits : 15 - Faceoff Wins : 25 - Blocked Shots : 10 - Penalty Minutes : 4
Official
Referees : Mark Lemelin and Tom Kowal
Linesman : David Brisebois and Darren Gibbs
Game Notes
Anton Stralman is injured at 14:19 of 2nd period (Bruised Right Foot)
Finance
Level 1 -- Attendance: 5132 (85.53%) -- Ticket Income $513,200
Level 2 -- Attendance: 3803 (76.06%) -- Ticket Income $228,180
Level 3 -- Attendance: 2362 (78.73%) -- Ticket Income $82,670
Level 4 -- Attendance: 3977 (79.54%) -- Ticket Income $99,425
Luxury Box -- Attendance: 769 (76.90%) -- Ticket Income $153,800
Game was played at the Consol Energy Center.
Total Attendance: 16043 (80.22%)
Total Ticket Income: $1,077,275
Other Income: $377,046
Total Income: $1,454,321
Winnipeg Jets
5 vs 5 Forward
Center Left Wing Right Wing Time % Phy DF OF
1 Connor McDavid Ryan Nugent-Hopkins Mark Stone 40 1 1 3
2 Dylan Larkin Mathew Barzal Tyler Toffoli 30 1 1 3
3 Nick Suzuki Jonathan Marchessault Andrew Copp 20 1 2 2
4 Pius Suter Andrew Cogliano Kyle Palmieri 10 1 2 2
5 vs 5 Defense
Defense Defense Time % Phy DF OF
1 Aaron Ekblad Seth Jones 40 1 2 2
2 Brandon Montour Jacob Trouba 30 1 2 2
3 Kevin Shattenkirk John Klingberg 20 1 2 2
4 Seth Jones Brandon Montour 10 1 2 2
PowerPlay Forward
Center Left Wing Right Wing Time % Phy DF OF
1 Connor McDavid Ryan Nugent-Hopkins Mark Stone 60 1 0 4
2 Dylan Larkin Mathew Barzal Tyler Toffoli 40 1 1 3
PowerPlay Defense
Defense Defense Time % Phy DF OF
1 Aaron Ekblad Brandon Montour 60 1 1 3
2 John Klingberg Seth Jones 40 1 2 2
Penalty Kill 4 Players Forward
Center Wing Time % Phy DF OF
1 Pius Suter Andrew Cogliano 60 1 3 1
2 Nick Suzuki Andrew Copp 40 1 3 1
Penalty Kill 4 Players Defense
Defense Defense Time % Phy DF OF
1 Aaron Ekblad Kevin Shattenkirk 60 1 3 1
2 Jacob Trouba Brandon Montour 40 1 3 1
Penalty Kill - 3 Players Forward
Forward Time % Phy DF OF
1 Pius Suter 60 1 2 2
2 Andrew Copp 40 1 2 2
Penalty Kill - 3 Players Defense
Defense Defense Time % Phy DF OF
1 Aaron Ekblad Kevin Shattenkirk 60 1 2 2
2 Jacob Trouba Seth Jones 40 1 2 2
4 vs 4 Forward
Center Wing Time % Phy DF OF
1 Nick Suzuki Mark Stone 60 1 2 2
2 Connor McDavid Jonathan Marchessault 40 1 2 2
4 vs 4 Defense
Defense Defense Time % Phy DF OF
1 John Klingberg Jacob Trouba 60 1 2 2
2 Kevin Shattenkirk Aaron Ekblad 40 1 2 2
Last Minutes Offensive
Center Left Wing Right Wing Defense Defense
Connor McDavid Ryan Nugent-Hopkins Tyler Toffoli Aaron Ekblad Brandon Montour
Last Minutes Defensive
Center Left Wing Right Wing Defense Defense
Pius Suter Andrew Cogliano Andrew Copp Kevin Shattenkirk Jacob Trouba
Goaltenders
Starting : Jake Allen
Backup : Connor Hellebuyck
Extra Forwards
Normal : Jonathan Marchessault, Mathew Barzal, Kyle Palmieri - PP : Jonathan Marchessault, Nick Suzuki - PK : Mark Stone
Extra Defensemen
Normal : John Klingberg, Brandon Montour, Seth Jones - PP : Jacob Trouba - PK : Seth Jones, John Klingberg
Penalty Shots
Connor McDavid, Ryan Nugent-Hopkins, Dylan Larkin, Nick Suzuki, Andrew Copp
Pittsburgh Penguins
5 vs 5 Forward
Center Left Wing Right Wing Time % Phy DF OF
1 Leon Draisaitl Pavel Buchnevich Mitch Marner 30 1 2 2
2 Ryan Johansen Anders Lee Jeff Carter 30 1 2 2
3 Jean-Gabriel Pageau Colton Sissons Reilly Smith 25 1 2 2
4 Jordan Eberle Blake Coleman Erik Gudbranson 15 1 2 2
5 vs 5 Defense
Defense Defense Time % Phy DF OF
1 Mattias Ekholm Erik Karlsson 35 1 2 2
2 Ryan Suter Anton Stralman 35 1 2 2
3 Chris Tanev T.J. Brodie 30 1 2 2
4 Mattias Ekholm Erik Karlsson 0 1 2 2
PowerPlay Forward
Center Left Wing Right Wing Time % Phy DF OF
1 Leon Draisaitl Pavel Buchnevich Mitch Marner 50 1 2 2
2 Ryan Johansen Anders Lee Jeff Carter 50 1 2 2
PowerPlay Defense
Defense Defense Time % Phy DF OF
1 Mattias Ekholm Erik Karlsson 50 1 2 2
2 Ryan Suter Anton Stralman 50 1 2 2
Penalty Kill 4 Players Forward
Center Wing Time % Phy DF OF
1 Leon Draisaitl Mitch Marner 50 1 2 2
2 Pavel Buchnevich Ryan Johansen 50 1 2 2
Penalty Kill 4 Players Defense
Defense Defense Time % Phy DF OF
1 Mattias Ekholm Erik Karlsson 50 1 2 2
2 Ryan Suter Anton Stralman 50 1 2 2
Penalty Kill - 3 Players Forward
Forward Time % Phy DF OF
1 Leon Draisaitl 50 1 2 2
2 Mitch Marner 50 1 2 2
Penalty Kill - 3 Players Defense
Defense Defense Time % Phy DF OF
1 Mattias Ekholm Erik Karlsson 50 1 2 2
2 Ryan Suter Anton Stralman 50 1 2 2
4 vs 4 Forward
Center Wing Time % Phy DF OF
1 Leon Draisaitl Mitch Marner 50 1 2 2
2 Pavel Buchnevich Ryan Johansen 50 1 2 2
4 vs 4 Defense
Defense Defense Time % Phy DF OF
1 Mattias Ekholm Erik Karlsson 50 1 2 2
2 Ryan Suter Anton Stralman 50 1 2 2
Last Minutes Offensive
Center Left Wing Right Wing Defense Defense
Leon Draisaitl Pavel Buchnevich Mitch Marner Mattias Ekholm Erik Karlsson
Last Minutes Defensive
Center Left Wing Right Wing Defense Defense
Leon Draisaitl Pavel Buchnevich Mitch Marner Mattias Ekholm Erik Karlsson
Goaltenders
Starting : Jonathan Quick
Backup : Mike Smith
Extra Forwards
Normal : Jean-Gabriel Pageau, Reilly Smith, Jordan Eberle - PP : Jean-Gabriel Pageau, Reilly Smith - PK : Jordan Eberle
Extra Defensemen
Normal : Chris Tanev, T.J. Brodie, Erik Gudbranson - PP : Chris Tanev - PK : T.J. Brodie, Erik Gudbranson
Penalty Shots
Leon Draisaitl, Mitch Marner, Pavel Buchnevich, Ryan Johansen, Jeff Carter
% Time on Ice - Winnipeg Jets
Lines # - Real PCT - Wanted PCT - Time Play
Normal Forward
1 - 37% - 40% - 16:23
2 - 28% - 30% - 12:44
3 - 18% - 20% - 7:56
4 - 17% - 10% - 7:47
Normal Defense
1 - 41% - 40% - 18:32
2 - 31% - 30% - 14:07
3 - 25% - 20% - 11:05
4 - 2% - 10% - 1:06
PP Forward
1 - 45% - 60% - 1:46
2 - 55% - 40% - 2:12
PP Defense
1 - 71% - 60% - 2:48
2 - 29% - 40% - 1:10
PK Forward
1 - 68% - 60% - 7:37
2 - 32% - 40% - 3:35
PK Defense
1 - 58% - 60% - 6:32
2 - 42% - 40% - 4:40
PK3 Forward
1 - 0% - 60%
2 - 0% - 40%
PK3 Defense
1 - 0% - 60%
2 - 0% - 40%
44 Forward
1 - 96% - 60% - 4:47
2 - 4% - 40% - 0:13
44 Defense
1 - 65% - 60% - 3:15
2 - 35% - 40% - 1:45
Last Minute Offensive - 0:00
Last Minute Defensive - 0:00
Total
Forward - 65:00
Defense - 65:00
|
% Time on Ice - Pittsburgh Penguins
Lines # - Real PCT - Wanted PCT - Time Play
Normal Forward
1 - 30% - 30% - 13:16
2 - 33% - 30% - 14:51
3 - 22% - 25% - 9:42
4 - 16% - 15% - 7:01
Normal Defense
1 - 37% - 35% - 16:38
2 - 40% - 35% - 17:53
3 - 23% - 30% - 10:19
4 - 0% - 0% - 0:00
PP Forward
1 - 51% - 50% - 5:40
2 - 49% - 50% - 5:32
PP Defense
1 - 44% - 50% - 4:53
2 - 56% - 50% - 6:19
PK Forward
1 - 52% - 50% - 2:04
2 - 48% - 50% - 1:54
PK Defense
1 - 49% - 50% - 1:56
2 - 51% - 50% - 2:02
PK3 Forward
1 - 0% - 50%
2 - 0% - 50%
PK3 Defense
1 - 0% - 50%
2 - 0% - 50%
44 Forward
1 - 44% - 50% - 2:13
2 - 56% - 50% - 2:47
44 Defense
1 - 40% - 50% - 1:59
2 - 60% - 50% - 3:01
Last Minute Offensive - 0:00
Last Minute Defensive - 0:00
Total
Forward - 65:00
Defense - 65:00
|
Play-by-Play
1st period
0:01 of 1st period - Connor McDavid wins face-off versus Leon Draisaitl in neutral zone.
0:06 of 1st period - Wrist shot by Ryan Nugent-Hopkins.
0:06 of 1st period - Stopped by Jonathan Quick with a rebound.
0:16 of 1st period - Snap shot by Connor McDavid.
0:16 of 1st period - Shot Misses the Net.
0:26 of 1st period - Erik Karlsson is hit by Tyler Toffoli and loses puck.
0:35 of 1st period - Wrist shot by Mathew Barzal.
0:35 of 1st period - Shot Misses the Net.
0:37 of 1st period - Snap shot by Jacob Trouba.
0:37 of 1st period - Stopped by Jonathan Quick with a rebound.
2:02 of 1st period - Minor Penalty to Kevin Shattenkirk for Tripping.
2:03 of 1st period - Pius Suter wins face-off versus Leon Draisaitl in Winnipeg Jets zone.
3:44 of 1st period - Pius Suter is hit by Ryan Suter and loses puck.
4:02 of 1st period - Penalty to Kevin Shattenkirk is over, Kevin Shattenkirk is back on ice.
4:23 of 1st period - Seth Jones is hit by Mattias Ekholm and loses puck.
4:45 of 1st period - Minor Penalty to Kyle Palmieri for Tripping.
4:46 of 1st period - Pius Suter wins face-off versus Anders Lee in Winnipeg Jets zone.
6:45 of 1st period - Penalty to Kyle Palmieri is over, Kyle Palmieri is back on ice.
6:49 of 1st period - Off-side.
6:50 of 1st period - Connor McDavid wins face-off versus Jean-Gabriel Pageau in neutral zone.
6:57 of 1st period - Wrist shot by Mark Stone.
6:57 of 1st period - Goal by Mark Stone - Winnipeg Jets : 1 - Pittsburgh Penguins : 0.
6:58 of 1st period - Anders Lee wins face-off versus Connor McDavid in neutral zone.
7:00 of 1st period - Minor Penalty to Ryan Suter for Roughing.
7:01 of 1st period - Connor McDavid wins face-off versus Leon Draisaitl in Pittsburgh Penguins zone.
7:01 of 1st period - Snap shot by Ryan Nugent-Hopkins.
7:01 of 1st period - Stopped by Jonathan Quick without a rebound.
7:02 of 1st period - Connor McDavid wins face-off versus Leon Draisaitl in Pittsburgh Penguins zone.
7:07 of 1st period - Wrist shot by Ryan Nugent-Hopkins.
7:07 of 1st period - Stopped by Jonathan Quick with a rebound.
7:11 of 1st period - Slapshot by Mark Stone.
7:11 of 1st period - Shot Blocked by Mattias Ekholm.
7:30 of 1st period - Icing by Aaron Ekblad.
7:31 of 1st period - Pavel Buchnevich wins face-off versus Dylan Larkin in Winnipeg Jets zone.
8:32 of 1st period - Ryan Johansen is hit by Aaron Ekblad and loses puck.
8:41 of 1st period - Snap shot by Dylan Larkin.
8:41 of 1st period - Stopped by Jonathan Quick without a rebound.
8:42 of 1st period - Connor McDavid wins face-off versus Leon Draisaitl in Pittsburgh Penguins zone.
8:43 of 1st period - Wrist shot by Mark Stone.
8:43 of 1st period - Stopped by Jonathan Quick without a rebound.
8:44 of 1st period - Connor McDavid wins face-off versus Leon Draisaitl in Pittsburgh Penguins zone.
9:00 of 1st period - Penalty to Ryan Suter is over, Ryan Suter is back on ice.
9:12 of 1st period - Icing by Reilly Smith.
9:13 of 1st period - Nick Suzuki wins face-off versus Jean-Gabriel Pageau in Pittsburgh Penguins zone.
9:24 of 1st period - Slapshot by Nick Suzuki.
9:24 of 1st period - Shot Misses the Net.
9:39 of 1st period - Off-side.
9:40 of 1st period - Leon Draisaitl wins face-off versus Connor McDavid in neutral zone.
9:47 of 1st period - Backhand shot by Leon Draisaitl.
9:47 of 1st period - Stopped by Jake Allen without a rebound.
9:48 of 1st period - Connor McDavid wins face-off versus Ryan Johansen in Winnipeg Jets zone.
9:59 of 1st period - Snap shot by Anders Lee.
9:59 of 1st period - Stopped by Jake Allen without a rebound.
10:00 of 1st period - Dylan Larkin wins face-off versus Leon Draisaitl in Winnipeg Jets zone.
10:29 of 1st period - Icing by Seth Jones.
10:30 of 1st period - Connor McDavid wins face-off versus Anders Lee in Winnipeg Jets zone.
10:38 of 1st period - Minor Penalty to Jeff Carter for Hooking.
10:39 of 1st period - Connor McDavid wins face-off versus Pavel Buchnevich in Pittsburgh Penguins zone.
10:39 of 1st period - Wrist shot by Ryan Nugent-Hopkins.
10:39 of 1st period - Shot Blocked by Pavel Buchnevich.
10:41 of 1st period - Slapshot by Brandon Montour.
10:41 of 1st period - Deflect By Erik Karlsson.
10:41 of 1st period - Stopped by Jonathan Quick with a rebound.
10:43 of 1st period - Slapshot by Ryan Nugent-Hopkins.
10:43 of 1st period - Shot Blocked by Pavel Buchnevich.
10:51 of 1st period - Snap shot by Connor McDavid.
10:51 of 1st period - Shot Misses the Net.
12:38 of 1st period - Penalty to Jeff Carter is over, Jeff Carter is back on ice.
13:19 of 1st period - Jordan Eberle is hit by Nick Suzuki.
13:54 of 1st period - Andrew Cogliano is hit by Pavel Buchnevich and loses puck.
14:15 of 1st period - Mark Stone is hit by Anders Lee and loses puck.
15:32 of 1st period - Icing by Jordan Eberle.
15:33 of 1st period - Reilly Smith wins face-off versus Nick Suzuki in Pittsburgh Penguins zone.
15:42 of 1st period - Snap shot by Nick Suzuki.
15:42 of 1st period - Shot Misses the Net.
16:28 of 1st period - Snap shot by Pius Suter.
16:28 of 1st period - Stopped by Jonathan Quick without a rebound.
16:29 of 1st period - Ryan Johansen wins face-off versus Pius Suter in Pittsburgh Penguins zone.
16:52 of 1st period - Andrew Cogliano is hit by Mattias Ekholm and loses puck.
17:23 of 1st period - Wrist shot by Ryan Johansen.
17:23 of 1st period - Stopped by Jake Allen with a rebound.
18:50 of 1st period - Snap shot by Brandon Montour.
18:50 of 1st period - Stopped by Jonathan Quick with a rebound.
18:52 of 1st period - Slapshot by Jacob Trouba.
18:52 of 1st period - Stopped by Jonathan Quick without a rebound.
18:53 of 1st period - Connor McDavid wins face-off versus Leon Draisaitl in Pittsburgh Penguins zone.
18:54 of 1st period - Wrist shot by Ryan Nugent-Hopkins.
18:54 of 1st period - Stopped by Jonathan Quick with a rebound.
19:20 of 1st period - T.J. Brodie is hit by Jonathan Marchessault and loses puck.
19:25 of 1st period - Snap shot by Andrew Copp.
19:25 of 1st period - Deflect By Nick Suzuki.
19:25 of 1st period - Shot Misses the Net.
19:25 of 1st period - Puck is out of play.
19:26 of 1st period - Nick Suzuki wins face-off versus Jean-Gabriel Pageau in Pittsburgh Penguins zone.
19:27 of 1st period - Snap shot by Andrew Copp.
19:27 of 1st period - Goal by Andrew Copp - Winnipeg Jets : 2 - Pittsburgh Penguins : 0.
19:28 of 1st period - Leon Draisaitl wins face-off versus Connor McDavid in neutral zone.
Goals for this period are 2 for Winnipeg Jets vs 0 for Pittsburgh Penguins.
Shots for this period are 13 for Winnipeg Jets vs 3 for Pittsburgh Penguins.
2nd period
0:01 of 2nd period - Leon Draisaitl wins face-off versus Connor McDavid in neutral zone.
0:06 of 2nd period - Aaron Ekblad is hit by Mitch Marner and loses puck.
0:13 of 2nd period - Mitch Marner is hit by Aaron Ekblad and loses puck.
0:26 of 2nd period - Reilly Smith is hit by Tyler Toffoli and loses puck.
0:51 of 2nd period - Wrist shot by Jordan Eberle.
0:51 of 2nd period - Stopped by Jake Allen with a rebound.
0:54 of 2nd period - Icing by Andrew Copp.
0:55 of 2nd period - Leon Draisaitl wins face-off versus Nick Suzuki in Winnipeg Jets zone.
1:54 of 2nd period - Slapshot by Jean-Gabriel Pageau.
1:54 of 2nd period - Stopped by Jake Allen with a rebound.
2:28 of 2nd period - Snap shot by Blake Coleman.
2:28 of 2nd period - Stopped by Jake Allen without a rebound.
2:29 of 2nd period - Leon Draisaitl wins face-off versus Andrew Cogliano in Winnipeg Jets zone.
2:36 of 2nd period - Snap shot by Leon Draisaitl.
2:36 of 2nd period - Shot Misses the Net.
2:38 of 2nd period - Snap shot by Leon Draisaitl.
2:38 of 2nd period - Shot Misses the Net.
2:40 of 2nd period - Snap shot by Pavel Buchnevich.
2:40 of 2nd period - Shot Misses the Net.
2:44 of 2nd period - Snap shot by Mitch Marner.
2:44 of 2nd period - Deflect By Brandon Montour.
2:44 of 2nd period - Shot Misses the Net.
2:44 of 2nd period - Puck is out of play.
2:45 of 2nd period - Connor McDavid wins face-off versus Jean-Gabriel Pageau in Winnipeg Jets zone.
3:24 of 2nd period - Wrist shot by Leon Draisaitl.
3:24 of 2nd period - Stopped by Jake Allen with a rebound.
3:38 of 2nd period - Anders Lee is hit by Kevin Shattenkirk and loses puck.
4:17 of 2nd period - Slapshot by Aaron Ekblad.
4:17 of 2nd period - Stopped by Jonathan Quick without a rebound.
4:18 of 2nd period - Dylan Larkin wins face-off versus Jean-Gabriel Pageau in Pittsburgh Penguins zone.
4:26 of 2nd period - Snap shot by Mathew Barzal.
4:26 of 2nd period - Shot Misses the Net.
4:28 of 2nd period - Slapshot by Seth Jones.
4:28 of 2nd period - Deflect By Jean-Gabriel Pageau.
4:28 of 2nd period - Stopped by Jonathan Quick without a rebound.
4:29 of 2nd period - Connor McDavid wins face-off versus Leon Draisaitl in Pittsburgh Penguins zone.
4:48 of 2nd period - Mitch Marner is hit by Mark Stone and loses puck.
5:01 of 2nd period - Wrist shot by Nick Suzuki.
5:01 of 2nd period - Stopped by Jonathan Quick with a rebound.
5:03 of 2nd period - Slapshot by Andrew Copp.
5:03 of 2nd period - Shot Misses the Net.
5:05 of 2nd period - Snap shot by Seth Jones.
5:05 of 2nd period - Stopped by Jonathan Quick with a rebound.
5:43 of 2nd period - Colton Sissons is hit by Kyle Palmieri and loses puck.
6:04 of 2nd period - Minor Penalty to Kevin Shattenkirk for Holding.
6:05 of 2nd period - Ryan Johansen wins face-off versus Pius Suter in Winnipeg Jets zone.
6:10 of 2nd period - Snap shot by Anders Lee.
6:10 of 2nd period - Stopped by Jake Allen without a rebound.
6:11 of 2nd period - Ryan Johansen wins face-off versus Pius Suter in Winnipeg Jets zone.
6:20 of 2nd period - Snap shot by Jeff Carter.
6:20 of 2nd period - Deflect By Pius Suter.
6:20 of 2nd period - Shot Misses the Net.
6:20 of 2nd period - Puck is out of play.
6:21 of 2nd period - Pius Suter wins face-off versus Jeff Carter in Winnipeg Jets zone.
7:02 of 2nd period - Pavel Buchnevich is hit by Nick Suzuki and loses puck.
8:04 of 2nd period - Penalty to Kevin Shattenkirk is over, Kevin Shattenkirk is back on ice.
8:17 of 2nd period - Icing by Reilly Smith.
8:18 of 2nd period - Jean-Gabriel Pageau wins face-off versus Dylan Larkin in Pittsburgh Penguins zone.
8:18 of 2nd period - Jean-Gabriel Pageau is hit by Dylan Larkin.
8:34 of 2nd period - Snap shot by Colton Sissons.
8:34 of 2nd period - Shot Blocked by Kevin Shattenkirk.
8:36 of 2nd period - Snap shot by Jean-Gabriel Pageau.
8:36 of 2nd period - Stopped by Jake Allen with a rebound.
8:38 of 2nd period - Snap shot by Jean-Gabriel Pageau.
8:38 of 2nd period - Stopped by Jake Allen without a rebound.
8:39 of 2nd period - Connor McDavid wins face-off versus Leon Draisaitl in Winnipeg Jets zone.
8:39 of 2nd period - Connor McDavid is hit by Leon Draisaitl.
8:42 of 2nd period - Minor Penalty to Jacob Trouba for Holding.
8:43 of 2nd period - Leon Draisaitl wins face-off versus Pius Suter in Winnipeg Jets zone.
8:51 of 2nd period - Snap shot by Pius Suter.
8:51 of 2nd period - Shot Misses the Net.
9:09 of 2nd period - Aaron Ekblad is hit by Ryan Johansen and loses puck.
9:16 of 2nd period - Wrist shot by Anders Lee.
9:16 of 2nd period - Stopped by Jake Allen with a rebound.
9:18 of 2nd period - Wrist shot by Anders Lee.
9:18 of 2nd period - Goal by Anders Lee - Winnipeg Jets : 2 - Pittsburgh Penguins : 1.
9:19 of 2nd period - Connor McDavid wins face-off versus Pavel Buchnevich in neutral zone.
9:26 of 2nd period - Snap shot by Connor McDavid.
9:26 of 2nd period - Stopped by Jonathan Quick without a rebound.
9:27 of 2nd period - Connor McDavid wins face-off versus Leon Draisaitl in Pittsburgh Penguins zone.
9:49 of 2nd period - Off-side.
9:50 of 2nd period - Dylan Larkin wins face-off versus Ryan Johansen in neutral zone.
10:17 of 2nd period - Leon Draisaitl is hit by Connor McDavid and loses puck.
10:38 of 2nd period - Snap shot by Reilly Smith.
10:38 of 2nd period - Stopped by Jake Allen with a rebound.
10:46 of 2nd period - Reilly Smith is hit by Andrew Copp and loses puck.
11:34 of 2nd period - Dylan Larkin is hit by Anton Stralman.
11:54 of 2nd period - Wrist shot by Ryan Nugent-Hopkins.
11:54 of 2nd period - Shot Misses the Net.
12:14 of 2nd period - Wrist shot by Reilly Smith.
12:14 of 2nd period - Stopped by Jake Allen with a rebound.
12:50 of 2nd period - Icing by Aaron Ekblad.
12:51 of 2nd period - Ryan Johansen wins face-off versus Pius Suter in Winnipeg Jets zone.
12:58 of 2nd period - Slapshot by Jeff Carter.
12:58 of 2nd period - Stopped by Jake Allen without a rebound.
12:59 of 2nd period - Ryan Johansen wins face-off versus Connor McDavid in Winnipeg Jets zone.
13:30 of 2nd period - Icing by Mathew Barzal.
13:31 of 2nd period - Dylan Larkin wins face-off versus Leon Draisaitl in Winnipeg Jets zone.
13:38 of 2nd period - Wrist shot by Mitch Marner.
13:38 of 2nd period - Stopped by Jake Allen without a rebound.
13:39 of 2nd period - Connor McDavid wins face-off versus Ryan Johansen in Winnipeg Jets zone.
13:46 of 2nd period - Snap shot by Ryan Nugent-Hopkins.
13:46 of 2nd period - Stopped by Jonathan Quick without a rebound.
13:47 of 2nd period - Mark Stone wins face-off versus Ryan Johansen in Pittsburgh Penguins zone.
14:10 of 2nd period - Snap shot by Anders Lee.
14:10 of 2nd period - Shot Blocked by Aaron Ekblad.
14:18 of 2nd period - Anton Stralman is hit by Seth Jones.
14:19 of 2nd period - Anton Stralman from Pittsburgh Penguins is injured at 14:19 of 2nd period (Bruised Right Foot).
14:20 of 2nd period - Connor McDavid wins face-off versus Leon Draisaitl in Pittsburgh Penguins zone.
14:23 of 2nd period - Snap shot by Ryan Nugent-Hopkins.
14:23 of 2nd period - Shot Misses the Net.
14:25 of 2nd period - Slapshot by Aaron Ekblad.
14:25 of 2nd period - Stopped by Jonathan Quick with a rebound.
14:27 of 2nd period - Snap shot by Mark Stone.
14:27 of 2nd period - Shot Misses the Net.
14:37 of 2nd period - Wrist shot by Ryan Nugent-Hopkins.
14:37 of 2nd period - Shot Misses the Net.
14:47 of 2nd period - Aaron Ekblad is hit by Jeff Carter.
14:53 of 2nd period - Aaron Ekblad is hit by Ryan Johansen and loses puck.
15:08 of 2nd period - Wrist shot by Reilly Smith.
15:08 of 2nd period - Stopped by Jake Allen with a rebound.
15:50 of 2nd period - Slapshot by Jordan Eberle.
15:50 of 2nd period - Shot Misses the Net.
15:52 of 2nd period - Slapshot by Blake Coleman.
15:52 of 2nd period - Deflect By Jordan Eberle.
15:52 of 2nd period - Stopped by Jake Allen with a rebound.
15:54 of 2nd period - Slapshot by Blake Coleman.
15:54 of 2nd period - Shot Misses the Net.
15:56 of 2nd period - Snap shot by Erik Gudbranson.
15:56 of 2nd period - Stopped by Jake Allen with a rebound.
15:58 of 2nd period - Snap shot by Erik Gudbranson.
15:58 of 2nd period - Stopped by Jake Allen without a rebound.
15:59 of 2nd period - Ryan Johansen wins face-off versus Dylan Larkin in Winnipeg Jets zone.
16:19 of 2nd period - John Klingberg is hit by Chris Tanev and loses puck.
16:29 of 2nd period - Off-side.
16:30 of 2nd period - Leon Draisaitl wins face-off versus Connor McDavid in neutral zone.
16:39 of 2nd period - Wrist shot by Leon Draisaitl.
16:39 of 2nd period - Shot Misses the Net.
17:42 of 2nd period - Minor Penalty to Brandon Montour for Roughing.
17:43 of 2nd period - Ryan Johansen wins face-off versus Pius Suter in Winnipeg Jets zone.
18:23 of 2nd period - Slapshot by Nick Suzuki.
18:23 of 2nd period - Shot Blocked by Erik Karlsson.
19:42 of 2nd period - Penalty to Brandon Montour is over, Brandon Montour is back on ice.
Goals for this period are 0 for Winnipeg Jets vs 1 for Pittsburgh Penguins.
Shots for this period are 7 for Winnipeg Jets vs 17 for Pittsburgh Penguins.
3rd period
0:01 of 3rd period - Leon Draisaitl wins face-off versus Connor McDavid in neutral zone.
0:12 of 3rd period - Snap shot by Connor McDavid.
0:12 of 3rd period - Stopped by Jonathan Quick with a rebound.
0:14 of 3rd period - Wrist shot by Connor McDavid.
0:14 of 3rd period - Shot Misses the Net.
0:16 of 3rd period - Slapshot by Brandon Montour.
0:16 of 3rd period - Stopped by Jonathan Quick with a rebound.
0:33 of 3rd period - Slapshot by Aaron Ekblad.
0:33 of 3rd period - Stopped by Jonathan Quick with a rebound.
0:49 of 3rd period - Snap shot by Jean-Gabriel Pageau.
0:49 of 3rd period - Shot Blocked by Nick Suzuki.
0:51 of 3rd period - Wrist shot by Reilly Smith.
0:51 of 3rd period - Shot Misses the Net.
0:53 of 3rd period - Slapshot by Mattias Ekholm.
0:53 of 3rd period - Stopped by Jake Allen with a rebound.
0:55 of 3rd period - Backhand shot by Mattias Ekholm.
0:55 of 3rd period - Stopped by Jake Allen with a rebound.
1:17 of 3rd period - Slapshot by Erik Karlsson.
1:17 of 3rd period - Stopped by Jake Allen with a rebound.
1:19 of 3rd period - Snap shot by Erik Karlsson.
1:19 of 3rd period - Shot Blocked by Kevin Shattenkirk.
1:35 of 3rd period - Wrist shot by Leon Draisaitl.
1:35 of 3rd period - Stopped by Jake Allen without a rebound.
1:36 of 3rd period - Jeff Carter wins face-off versus Dylan Larkin in Winnipeg Jets zone.
1:37 of 3rd period - Snap shot by Ryan Johansen.
1:37 of 3rd period - Stopped by Jake Allen without a rebound.
1:38 of 3rd period - Ryan Johansen wins face-off versus Connor McDavid in Winnipeg Jets zone.
1:42 of 3rd period - Minor Penalty to Jacob Trouba for High sticking.
1:43 of 3rd period - Pius Suter wins face-off versus Mitch Marner in Winnipeg Jets zone.
3:42 of 3rd period - Penalty to Jacob Trouba is over, Jacob Trouba is back on ice.
4:11 of 3rd period - Reilly Smith is hit by Jacob Trouba and loses puck.
4:36 of 3rd period - Backhand shot by Andrew Copp.
4:36 of 3rd period - Shot Misses the Net.
4:48 of 3rd period - Snap shot by Jordan Eberle.
4:48 of 3rd period - Shot Misses the Net.
5:57 of 3rd period - Snap shot by Seth Jones.
5:57 of 3rd period - Shot Blocked by Erik Gudbranson.
6:32 of 3rd period - Snap shot by Pius Suter.
6:32 of 3rd period - Stopped by Jonathan Quick without a rebound.
6:33 of 3rd period - Jordan Eberle wins face-off versus Pius Suter in Pittsburgh Penguins zone.
6:33 of 3rd period - Jordan Eberle is hit by Andrew Cogliano.
7:05 of 3rd period - Snap shot by Mark Stone.
7:05 of 3rd period - Stopped by Jonathan Quick with a rebound.
7:23 of 3rd period - Jean-Gabriel Pageau is hit by Tyler Toffoli and loses puck.
7:40 of 3rd period - Snap shot by Nick Suzuki.
7:40 of 3rd period - Stopped by Jonathan Quick with a rebound.
8:53 of 3rd period - Minor Penalty to Dylan Larkin for Slashing.
8:54 of 3rd period - Ryan Johansen wins face-off versus Pius Suter in Winnipeg Jets zone.
9:28 of 3rd period - Wrist shot by Leon Draisaitl.
9:28 of 3rd period - Shot Misses the Net.
9:30 of 3rd period - Wrist shot by Leon Draisaitl.
9:30 of 3rd period - Stopped by Jake Allen without a rebound.
9:31 of 3rd period - Leon Draisaitl wins face-off versus Pius Suter in Winnipeg Jets zone.
9:32 of 3rd period - Snap shot by Mitch Marner.
9:32 of 3rd period - Stopped by Jake Allen with a rebound.
9:34 of 3rd period - Wrist shot by Leon Draisaitl.
9:34 of 3rd period - Goal by Leon Draisaitl - Winnipeg Jets : 2 - Pittsburgh Penguins : 2.
9:35 of 3rd period - Connor McDavid wins face-off versus Leon Draisaitl in neutral zone.
9:42 of 3rd period - Snap shot by Connor McDavid.
9:42 of 3rd period - Shot Blocked by Leon Draisaitl.
9:44 of 3rd period - Backhand shot by Seth Jones.
9:44 of 3rd period - Deflect By Connor McDavid.
9:44 of 3rd period - Shot Misses the Net.
9:44 of 3rd period - Puck is out of play.
9:45 of 3rd period - Connor McDavid wins face-off versus Leon Draisaitl in Pittsburgh Penguins zone.
10:12 of 3rd period - Wrist shot by Connor McDavid.
10:12 of 3rd period - Stopped by Jonathan Quick without a rebound.
10:13 of 3rd period - Dylan Larkin wins face-off versus Anders Lee in Pittsburgh Penguins zone.
10:20 of 3rd period - Snap shot by Mathew Barzal.
10:20 of 3rd period - Shot Misses the Net.
10:28 of 3rd period - Slapshot by Ryan Johansen.
10:28 of 3rd period - Shot Blocked by Mathew Barzal.
11:25 of 3rd period - Jeff Carter is hit by Seth Jones.
11:35 of 3rd period - Snap shot by Connor McDavid.
11:35 of 3rd period - Shot Blocked by Jeff Carter.
11:39 of 3rd period - Wrist shot by Connor McDavid.
11:39 of 3rd period - Stopped by Jonathan Quick with a rebound.
11:41 of 3rd period - Backhand shot by Ryan Nugent-Hopkins.
11:41 of 3rd period - Shot Blocked by Chris Tanev.
12:07 of 3rd period - Snap shot by Connor McDavid.
12:07 of 3rd period - Shot Blocked by Jeff Carter.
12:09 of 3rd period - Slapshot by Seth Jones.
12:09 of 3rd period - Stopped by Jonathan Quick with a rebound.
12:11 of 3rd period - Wrist shot by Ryan Nugent-Hopkins.
12:11 of 3rd period - Deflect By Connor McDavid.
12:11 of 3rd period - Shot Blocked by Jeff Carter.
12:11 of 3rd period - Puck is out of play.
12:12 of 3rd period - Dylan Larkin wins face-off versus Mitch Marner in Pittsburgh Penguins zone.
12:27 of 3rd period - Slapshot by Leon Draisaitl.
12:27 of 3rd period - Shot Misses the Net.
12:29 of 3rd period - Wrist shot by Leon Draisaitl.
12:29 of 3rd period - Stopped by Jake Allen with a rebound.
12:54 of 3rd period - Snap shot by Dylan Larkin.
12:54 of 3rd period - Deflect By Blake Coleman.
12:54 of 3rd period - Stopped by Jonathan Quick with a rebound.
13:40 of 3rd period - Snap shot by Dylan Larkin.
13:40 of 3rd period - Stopped by Jonathan Quick with a rebound.
13:50 of 3rd period - Slapshot by Jordan Eberle.
13:50 of 3rd period - Stopped by Jake Allen with a rebound.
14:04 of 3rd period - Slapshot by Dylan Larkin.
14:04 of 3rd period - Shot Misses the Net.
14:18 of 3rd period - Snap shot by Dylan Larkin.
14:18 of 3rd period - Deflect By Erik Gudbranson.
14:18 of 3rd period - Stopped by Jonathan Quick without a rebound.
14:19 of 3rd period - Connor McDavid wins face-off versus Leon Draisaitl in Pittsburgh Penguins zone.
14:26 of 3rd period - Snap shot by Ryan Nugent-Hopkins.
14:26 of 3rd period - Stopped by Jonathan Quick with a rebound.
14:55 of 3rd period - Anders Lee is hit by Jonathan Marchessault and loses puck.
15:13 of 3rd period - Kevin Shattenkirk is hit by Colton Sissons.
15:36 of 3rd period - John Klingberg is hit by Chris Tanev and loses puck.
18:35 of 3rd period - Icing by Seth Jones.
18:36 of 3rd period - Pius Suter wins face-off versus Jean-Gabriel Pageau in Winnipeg Jets zone.
Goals for this period are 0 for Winnipeg Jets vs 1 for Pittsburgh Penguins.
Shots for this period are 13 for Winnipeg Jets vs 10 for Pittsburgh Penguins.
Overtime #1
0:01 of 1st overtime period - Leon Draisaitl wins face-off versus Nick Suzuki in neutral zone.
0:56 of 1st overtime period - Mitch Marner is hit by Jonathan Marchessault and loses puck.
1:59 of 1st overtime period - Snap shot by Chris Tanev.
1:59 of 1st overtime period - Shot Blocked by Kevin Shattenkirk.
3:07 of 1st overtime period - Reilly Smith is hit by Andrew Cogliano.
4:19 of 1st overtime period - Brandon Montour is hit by Jean-Gabriel Pageau and loses puck.
Goals for this period are 0 for Winnipeg Jets vs 0 for Pittsburgh Penguins.
Shots for this period are 0 for Winnipeg Jets vs 0 for Pittsburgh Penguins.
ShootOut
5:00 of 1st overtime period - Round #1.
5:00 of 1st overtime period - Winnipeg Jets, Connor McDavid.
5:00 of 1st overtime period - Wrist shot by Connor McDavid.
5:00 of 1st overtime period - Shot Misses the Net.
5:00 of 1st overtime period - Pittsburgh Penguins, Leon Draisaitl.
5:00 of 1st overtime period - Wrist shot by Leon Draisaitl.
5:00 of 1st overtime period - Shot Misses the Net.
5:00 of 1st overtime period - Round #2.
5:00 of 1st overtime period - Winnipeg Jets, Ryan Nugent-Hopkins.
5:00 of 1st overtime period - Backhand shot by Ryan Nugent-Hopkins.
5:00 of 1st overtime period - Shot Misses the Net.
5:00 of 1st overtime period - Pittsburgh Penguins, Mitch Marner.
5:00 of 1st overtime period - Backhand shot by Mitch Marner.
5:00 of 1st overtime period - Goal by Mitch Marner.
5:00 of 1st overtime period - Round #3.
5:00 of 1st overtime period - Winnipeg Jets, Dylan Larkin.
5:00 of 1st overtime period - Wrist shot by Dylan Larkin.
5:00 of 1st overtime period - Stopped by Jonathan Quick.
Back to the Top